 Dungeon Crawl Stone Soup version 0.17.0-28-g6e173f8 (webtiles) character file.

43 dohliylev the Sneak (level 3, -2/18 HPs)
             Began as a Vine Stalker Assassin on Dec 1, 2015.
             Killed by nerve-wracking pain
             ... invoked by Grinder
              (8 damage)
             ... on level 4 of the Dungeon.
             The game lasted 00:06:41 (942 turns).

dohliylev the Sneak (Vine Stalker Assassin)          Turns: 942, Time: 00:06:41

Health: -2/18      AC:  3    Str: 13    XL:     3   Next: 58%
Magic:  0/4        EV:  8    Int: 11    God:
Gold:   196        SH:  7    Dex: 16    Spells: 0 memorised, 2 levels left

rFire  . . .     SeeInvis .     a - +2 dagger
rCold  . . .     Clarity  +     c - +0 robe
rNeg   . . .     SustAt   .     v - +0 shield
rPois  .         Gourm    .     (no helmet)
rElec  .         Spirit   +     d - +0 cloak
rCorr  .         Warding  .     (no gloves)
rMut   .         Stasis   .     (no boots)
MR     .....                    m - amulet of clarity
Stlth  +++.......               (no ring)
                                q - ring of wizardry

@: not resistant to hostile enchantments, fairly stealthy
A: fangs 2, regeneration 1, magic shield, antimagic bite, no device heal 3, rot
immunity
a: no special abilities


You were on level 4 of the Dungeon.
You were not hungry.

You visited 1 branch of the dungeon, and saw 3 of its levels.

You collected 196 gold pieces.

Inventory:

Hand Weapons
 a - a +2 dagger (weapon)
 b - a +0 blowgun
Missiles
 e - 8 poisoned needles
 f - 2 curare-tipped needles
 u - 5 javelins of penetration (quivered)
Armour
 c - a +0 robe (worn)
 d - a +0 cloak (worn)
 v - a +0 shield (worn)
Jewellery
 m - an amulet of clarity (around neck)
 q - a ring of wizardry (left hand)
Scrolls
 j - 3 scrolls of identify {unknown}
 o - a scroll of blinking {unknown}
 p - 3 scrolls of remove curse {unknown}
 s - 2 scrolls of enchant weapon {unknown}
Potions
 i - a potion of cancellation {unknown}
 n - a potion of might {unknown}
 r - a potion of degeneration {unknown}
 t - a potion of flight {unknown}
 w - a potion of curing {unknown}
Comestibles
 g - 2 bread rations
 h - a beef jerky
 k - 3 chunks of flesh
 l - a meat ration


   Skills:
 + Level 1.8 Fighting
 + Level 1.8 Short Blades
 + Level 1.8 Throwing
 + Level 0.8 Dodging
 * Level 6.3 Stealth


You had 2 spell levels left.
You didn't know any spells.

Dungeon Overview and Level Annotations

Branches:
Dungeon (4/15)
 Temple: D:4-7

Altars:

Annotations:
D:4 Grinder


Innate Abilities, Weirdness & Mutations

You have extremely sharp teeth.
Your natural rate of healing is unusually fast.
When hurt, damage is shared between your health and your magic reserves.
Your bite disrupts and absorbs the magic of your enemies.
Potions and wands cannot restore your health.
You are immune to rotting.


Message History

Grinder gestures at you.
You suddenly lose the ability to move!
Grinder gestures.
Grinder blinks!
Grinder hits you.
You writhe in agony.
Grinder hits you. Grinder gestures at you. You resist with significant effort.
Grinder hits you.
* * * LOW HITPOINT WARNING * * *
You writhe in agony.
* * * LOW HITPOINT WARNING * * *
Grinder barely misses you.
You can move again.
Grinder says, "Don't move a muscle."
Grinder gestures at you.
You barely resist. Grinder gestures at you. Pain shoots through your body!
You die...

#.#..# ..#..# #....(.#
.....###### #......#
.....#....# #......#
..........# #......#
....#.....# #......###
...##.....#####.........
...##.....##.##.....#
.............# #@#
.............###.###
..?................#
.#.##.#####..###5#.# #.
#. #..###.#.#.## # #.
#...........#
#.$###.#.#.## #..#
#...... #... .......#


You could see Grinder.

Vanquished Creatures
  An adder (D:2)
  An ooze (D:1)
  2 giant geckos (D:2)
  A ball python (D:1)
  4 goblins
  4 hobgoblins
  5 kobolds
  4 bats
  A giant cockroach (D:2)
  A giant newt (D:2)
  4 rats
28 creatures vanquished.

Notes
Turn   | Place    | Note
--------------------------------------------------------------
     0 | D:1      | dohliylev the Vine Stalker Assassin began the quest for the Orb.
     0 | D:1      | Reached XP level 1. HP: 11/11 MP: 2/2
    98 | D:1      | Reached skill level 5 in Stealth
   157 | D:1      | Reached XP level 2. HP: 9/15 MP: 3/3
   540 | D:2      | Reached skill level 6 in Stealth
   573 | D:2      | Reached XP level 3. HP: 16/18 MP: 4/4
   917 | D:2      | You fall through a shaft for 2 floors!
   921 | D:4      | Noticed Grinder
   927 | D:4      | Paralysed by Grinder for 7 turns
   942 | D:4      | Killed from afar by Grinder

Action                   || total
-------------------------++-------
Melee: Dagger            ||    64
 Fire: Blowgun           ||     2
 Stab: Sleeping          ||    10
